 Dungeon Crawl Stone Soup version 0.20.1-1-g8b1a95d (webtiles) character file.

201289 equalderp2856 the Severer (level 17, -5/148 HPs)
             Began as a Minotaur Fighter on Aug 7, 2017.
             Slain by Asterion
             ... wielding a +2 demon whip of electrocution
              (14 damage)
             ... on level 1 of the Snake Pit.
             The game lasted 03:23:17 (60320 turns).

equalderp2856 the Severer (Minotaur Fighter)       Turns: 60320, Time: 03:23:18

Health: -5/148     AC: 28    Str: 28    XL:     17   Next: 90%
Magic:  23/23      EV:  9    Int:  7    God:
Gold:   2895       SH: 19    Dex: 19    Spells: 17/26 levels left

rFire    + . .     SeeInvis .   W - +6 war axe (freeze)
rCold    x . .     Gourm    .   F - +1 shield {AC+3}
rNeg     . . .     Faith    .   x - +0 crystal plate armour
rPois    .         Spirit   .   D - +1 hat
rElec    .         Reflect  +   (no cloak)
rCorr    .         Harm     .   J - +0 pair of gloves of Wariness {Dex+8}
MR       +....                  (no boots)
Stlth    ..........             t - +3 amulet of reflection
Regen    0.4/turn               l - ring of fire
MPRegen  0.2/turn               g - ring of flight

@: mighty, lethally poisoned (-5 -> -5)
A: retaliatory headbutt, horns 2, clumsy 1
}: 1/15 runes: decaying
a: Evoke Flight


You were on level 1 of the Snake Pit.
You were very hungry.

You visited 5 branches of the dungeon, and saw 29 of its levels.
You also visited: Ice Cave.

You collected 3040 gold pieces.
You spent 145 gold pieces at shops.

Inventory:

Hand Weapons
 b - a +4 battleaxe of freezing
 j - a +1 vampiric demon blade
 w - a +0 hand crossbow of flaming
 y - a +7 war axe
 C - a +1 trident
 W - a +6 war axe of freezing (weapon)
Armour
 h - a +0 large shield
 k - a +2 plate armour of poison resistance
 m - a +4 chain mail
 n - a +0 robe
 p - a +1 pair of gloves
 x - a +0 crystal plate armour (worn)
 D - a +1 hat (worn)
 F - a +1 shield of protection (worn)
 H - a +0 shield
 J - the +0 pair of gloves of Wariness (worn) {Dex+8}
   (You found it on level 5 of the Dungeon)

   It affects your dexterity (+8).
 V - the +2 robe of the Tick {rPois rF- Dex+8}
   (You found it on level 9 of the Dungeon)

   It affects your dexterity (+8).
   It makes you vulnerable to fire.
   It protects you from poison.
 X - the +0 chain mail of Theory {-Cast rC+ MR++}
   (You found it on level 10 of the Dungeon)

   It protects you from cold.
   It affects your resistance to hostile enchantments.
   It prevents spellcasting.
Jewellery
 a - an uncursed ring of see invisible
 c - an uncursed ring of ice
 g - a ring of flight (right hand)
 l - a ring of fire (left hand)
 t - a +3 amulet of reflection (around neck)
 I - an uncursed amulet of guardian spirit {unknown}
 K - an uncursed amulet of regeneration
 U - an uncursed ring of magical power
 Z - an uncursed ring of magical power
Wands
 o - a wand of lightning (0/15)
 v - a wand of digging (9/24)
 G - a wand of acid (0/15)
 N - a wand of polymorph (6/24)
 Q - a wand of polymorph (0/24)
 T - a wand of paralysis (0/24)
Scrolls
 e - 8 scrolls of remove curse
 q - 7 scrolls of identify
 B - 3 scrolls of random uselessness
Potions
 d - a potion of might
 z - 3 potions of ambrosia
 O - 2 potions of cancellation
 P - 8 potions of flight
 Y - 2 potions of brilliance
Comestibles
 f - 9 bread rations
 i - 13 meat rations
 E - 7 royal jellies
 S - 20 fruits


   Skills:
 + Level 12.7 Fighting
   Level 0.2 Short Blades
 + Level 17.1(17.2) Axes
 + Level 3.9(12.1) Polearms
 + Level 0.2 Crossbows
 + Level 13.9 Armour
 + Level 5.5 Dodging
 + Level 3.7 Stealth
 + Level 15.9 Shields
 + Level 0.2 Unarmed Combat
 + Level 5.2 Spellcasting
 + Level 4.2 Hexes
 + Level 4.1 Charms
 * Level 12.3 Translocations
 + Level 4.0 Air Magic
 + Level 1.2 Evocations


You had 17 spell levels left.
You knew the following spells:

 Your Spells              Type           Power        Failure   Level  Hunger
a - Confusing Touch       Hex            #.....       71%         1    #......
b - Swiftness             Chrm/Air       #.......     85%         2    ###....
c - Summon Small Mammal   Summ           #...         99%         1    #......
d - Slow                  Hex            #.......     83%         2    ###....
e - Blink                 Tloc           N/A          5%          2    ###....
f - Corona                Hex            #......      71%         1    #......


Dungeon Overview and Level Annotations

Branches:
Dungeon (15/15)            Temple (0/1) D:4            Lair (6/6) D:10
  Swamp (4/4) Lair:2        Snake (2/4) Lair:3        Slime (0/5) Lair:6
    Orc (2/2) D:10            Elf (0/3) Orc:2        Vaults (0/5) D:14
 Depths (0/5) D:15

Altars:
Dithmenos
Elyvilon
Fedhas
Kikubaaqudgha
Nemelex Xobeh
Qazlal
Vehumet
Beogh

Shops:
D:5 !   D:12 :   D:15 }   Orc:2 [[}?   Snake:2 *

Annotations:
D:2 Sigmund
D:12 1 runed door
Snake:1 Asterion


Innate Abilities, Weirdness & Mutations

You reflexively headbutt those who attack you in melee.
You have a pair of horns on your head.
You are clumsy. (Dex -2)


Message History

Unknown command.
Asterion blocks your attack.
Asterion is heavily wounded.
Asterion hits you but does no damage.
You are electrocuted!
* * * LOW HITPOINT WARNING * * *
Asterion gores you but does no damage.
Unknown command.
You hit Asterion. You freeze Asterion. You headbutt Asterion!
Asterion is severely wounded.
Asterion hits you but does no damage. Asterion gores you but does no damage.
The cacodemon gestures at you. You resist with significant effort.
Unknown command.
Asterion blocks your attack.
Asterion is severely wounded.
You feel sick.
Asterion hits you with a demon whip of electrocution!!
* * * LOW HITPOINT WARNING * * *
You are electrocuted!
You die...

##### ### #.#.### #.# #..##.###
########.###...#...## # ###
##...##...@##.....##.######
#.#####..######..H....####.......
#........## #...2..#####........
....#####.####......# ##.........
....# ##...........####.......###
##..###...###......#.....)...## #
###.##....# ###.............## ##
##.......# ##.##......##..####.
##.....#..####.........###.......


You could see Asterion and a cacodemon.

Vanquished Creatures
  Mara (Swamp:3)
  Rupert (Lair:3)
  A tentacled monstrosity (Swamp:3)
  A thorn hunter (Swamp:4)
  Donald (Swamp:4)
  A frost giant (IceCv)
  Aizul (Snake:1)
  An orc warlord (Orc:2)
  2 very ugly things (Swamp:4)
  A stone giant (D:10)
  Azrael (D:14)
  Fannar (Lair:2)
  2 ice dragons
  2 green deaths (Swamp:4)
  2 fire dragons
  Harold (Orc:1)
  4 ogre magi (Orc:2)
  5 vault guards (D:14)
  23 hydras
  5 ghost crabs
  5 two-headed ogres
  A naga warrior (Snake:1)
  2 catoblepae
  5 death yaks (Lair:6)
  A centaur warrior (D:13)
  2 tengu warriors
  11 alligators
  The ghost of ConnectionFaild the Carver, a journeyman OpFi of Kikubaaqudgha (D:10)
  2 anacondas (Snake:1)
  A deep troll shaman (Lair:6)
  2 shock serpents
  Urug (D:15)
  3 naga sharpshooters
  Nergalle (Lair:2)
  2 spriggan druids
  6 skeletal warriors
  14 swamp dragons
  3 unseen horrors
  A shambling mangrove (Swamp:4)
  A wizard (D:14)
  A harpy (D:15)
  3 deep elf magi
  9 orc sorcerers
  A shining eye (Snake:1)
  4 cyclopes
  11 ugly things
  29 slime creatures
  9 elephants
  5 manticores
  A guardian serpent (Snake:1)
  2 salamanders (Snake:2)
  6 naga magi
  2 gargoyles (D:12)
  24 spiny frogs
  6 black mambas
  2 orange demons (Swamp:4)
  A torpor snail (Lair:6)
  3 ice statues (IceCv)
  3 rime drakes
  8 komodo dragons
  2 efreet
  A freezing wraith (D:15)
  A redback zombie (D:15)
  4 tengu conjurers
  10 trolls
  3 meliai (D:14)
  A queen bee (Lair:1)
  9 tyrant leeches
  15 polar bears
  12 hornets
  12 blink frogs
  19 bog bodies
  12 hippogriffs
  A redback (D:12)
  A centaur simulacrum (D:14)
  A human (D:14)
  A vampire (D:13)
  8 shadows
  10 spriggans
  2 wyverns (D:15)
  2 wraiths
  51 yaks
  2 basilisks
  7 fire elementals
  5 hungry ghosts
  36 vampire mosquitoes
  Menkaure (D:6)
  26 swamp worms
  9 nagas
  4 wargs
  6 insubstantial wisps (Swamp:1)
  A soldier ant (D:14)
  An acid dragon (D:15)
  16 water moccasins
  A hell hound (D:14)
  2 large abominations (Swamp:4)
  A floating eye (shapeshifter) (D:12)
  9 porcupines
  9 swamp drakes
  3 black bears
  20 orc warriors
  6 ice beasts
  3 sky beasts
  A meliai simulacrum (D:14)
  An eye of draining (D:15)
  14 wolves
  2 phantoms
  11 ogres
  7 centaurs
  17 crocodiles
  2 big kobolds
  19 bullfrogs
  A wyvern skeleton (D:11)
  6 scorpions
  A water moccasin skeleton (D:11)
  A scorpion (shapeshifter) (D:15)
  30 killer bees
  9 wights
  2 electric eels (Lair:2)
  4 centaur zombies
  5 howler monkeys
  A bullfrog zombie (D:13)
  9 crimson imps
  10 hounds
  4 centaur skeletons
  20 orc priests
  43 orc wizards
  3 bullfrog skeletons
  4 jellies
  Natasha (thrice) (D:3)
  2 iguanas
  11 worker ants
  Ijyb (D:3)
  2 hound zombies
  2 hound skeletons
  A howler monkey zombie (D:11)
  Robin (D:3)
  15 adders
  2 shadow imps
  12 white imps (Lair:2)
  An adder zombie (D:7)
  6 oozes
  An adder skeleton (D:4)
  17 worms
  4 dart slugs
  A leopard gecko (D:10)
  91 orcs
  A ball python (D:3)
  6 giant cockroaches
  6 hobgoblins
  14 jackals
  5 quokkas
  8 bats
  4 frilled lizards
  13 goblins
  A jackal skeleton (D:6)
  5 kobolds
  A leopard gecko skeleton (D:7)
  A quokka skeleton (D:5)
  A quokka zombie (D:7)
  10 rats
  7 fungi
  4 plants
1085 creatures vanquished.

Vanquished Creatures (collateral kills)
  A naga mage (Snake:1)
1 creature vanquished.

Vanquished Creatures (others)
  Vashnia (Snake:2)
  A centaur warrior (D:15)
  2 naga sharpshooters
  3 cyclopes
  A salamander (Snake:1)
  2 ugly things (Swamp:4)
  A naga mage (Snake:1)
  A yaktaur (D:14)
  A polar bear (IceCv)
  A swamp drake (Swamp:1)
  2 orc warriors
  4 centaurs
  A quokka (D:11)
  2 briar patches (Swamp:4)
  4 fungi
  4 plants
31 creatures vanquished.

Grand Total: 1117 creatures vanquished

Notes
Turn   | Place    | Note
-------+----------+-------------------------------------------
     0 | D:1      | equalderp2856 the Minotaur Fighter began the quest for the Orb.
     0 | D:1      | Reached XP level 1. HP: 19/19 MP: 0/0
   215 | D:1      | Reached XP level 2. HP: 27/27 MP: 1/1
  1070 | D:2      | Reached XP level 3. HP: 32/33 MP: 2/2
  1125 | D:2      | Reached skill level 3 in Axes
  1450 | D:2      | Noticed Sigmund
  1458 | D:2      | Reached XP level 4. HP: 40/40 MP: 3/3
  1501 | D:3      | Noticed Ijyb
  1520 | D:3      | Killed Ijyb
  1695 | D:3      | Noticed Natasha
  1702 | D:3      | Killed Natasha
  1702 | D:3      | Reached skill level 4 in Axes
  1702 | D:3      | Reached skill level 1 in Dodging
  1704 | D:3      | Found a stormy altar of Qazlal.
  1741 | D:3      | Reached XP level 5. HP: 42/46 MP: 4/4
  1748 | D:3      | Noticed Natasha
  1752 | D:3      | Killed Natasha
  1757 | D:3      | Noticed Natasha
  1763 | D:3      | Killed Natasha
  1852 | D:3      | Noticed Robin
  1873 | D:3      | Killed Robin
  3008 | D:4      | Reached skill level 5 in Armour
  3088 | D:4      | Found a staircase to the Ecumenical Temple.
  3103 | D:4      | Reached skill level 5 in Axes
  3103 | D:4      | Reached XP level 6. HP: 53/53 MP: 5/5
  3748 | D:4      | Noticed an ice beast
  3758 | D:4      | Reached skill level 5 in Shields
  3853 | D:4      | Killed an ice beast
  4063 | D:4      | Reached XP level 7. HP: 60/60 MP: 6/6
  4256 | D:5      | Entered Level 5 of the Dungeon
  4600 | D:5      | Reached skill level 5 in Fighting
  4600 | D:5      | Reached skill level 6 in Axes
  4651 | D:5      | Found a shadowy altar of Dithmenos.
  4818 | D:5      | Found Yluora's Distillery.
  4821 | D:5      | Bought a potion of mutation for 112 gold pieces
  5024 | D:5      | Got a pair of spiked gloves
  5048 | D:5      | Identified the cursed +0 pair of gloves of Wariness {Dex+8} (You found it on level 5 of the Dungeon)
  5549 | D:6      | Reached XP level 8. HP: 68/68 MP: 7/7
  5673 | D:6      | Reached skill level 7 in Axes
  6157 | D:6      | Noticed Menkaure
  6181 | D:6      | Killed Menkaure
  6840 | D:7      | Reached skill level 8 in Axes
  6857 | D:7      | Reached skill level 1 in Stealth
  7051 | D:7      | Noticed a hippogriff
  7064 | D:7      | Killed a hippogriff
  7064 | D:7      | Reached XP level 9. HP: 32/78 MP: 8/8
  7822 | D:7      | Reached skill level 9 in Axes
  8441 | D:7      | Found a sparkling altar of Nemelex Xobeh.
  9008 | D:7      | Learned a level 1 spell: Confusing Touch
  9011 | D:7      | Learned a level 2 spell: Swiftness
  9013 | D:7      | Learned a level 1 spell: Summon Small Mammal
  9152 | D:8      | You fall through a shaft for 3 floors!
  9210 | D:11     | Reached skill level 10 in Axes
  9315 | D:11     | Reached XP level 10. HP: 79/86 MP: 9/9
  9497 | D:11     | Killed an unseen horror
  9497 | D:11     | Reached skill level 11 in Axes
  9784 | D:11     | Noticed a two-headed ogre
  9859 | D:10     | Entered Level 10 of the Dungeon
 10169 | D:10     | Noticed ConnectionFaild's ghost (journeyman OpFi)
 10182 | D:10     | Killed ConnectionFaild's ghost
 10214 | D:10     | Noticed a two-headed ogre
 10223 | D:10     | Killed a two-headed ogre
 10255 | D:10     | Noticed an elephant
 10266 | D:10     | Killed an elephant
 10322 | D:10     | Found a staircase to the Lair.
 10725 | D:10     | Reached skill level 10 in Shields
 10789 | Lair:1   | Entered Level 1 of the Lair of Beasts
 10806 | Lair:1   | Reached skill level 10 in Armour
 10828 | Lair:1   | Reached skill level 12 in Axes
 10839 | Lair:1   | Noticed a spiny frog
 10850 | Lair:1   | Killed a spiny frog
 11174 | Lair:1   | Reached XP level 11. HP: 84/95 MP: 10/10
 11644 | Lair:1   | Noticed a six-headed hydra
 12662 | D:9      | Got a shadowed robe
 12676 | D:9      | Identified the +2 robe of the Tick {rPois rF- Dex+8} (You found it on level 9 of the Dungeon)
 13047 | D:10     | Killed a six-headed hydra
 13672 | D:10     | Reached skill level 13 in Axes
 13672 | D:10     | Reached skill level 1 in Polearms
 13696 | D:10     | Found a staircase to the Orcish Mines.
 13705 | D:10     | Found a roughly hewn altar of Beogh.
 14047 | D:10     | Got an ancient chain mail
 14061 | D:10     | Identified the cursed +0 chain mail of Theory {-Cast rC+ MR++} (You found it on level 10 of the Dungeon)
 15054 | Lair:1   | Reached XP level 12. HP: 39/104 MP: 11/11
 15248 | Lair:2   | Found a frozen archway.
 15266 | IceCv    | Entered an ice cave
 15581 | IceCv    | Reached skill level 14 in Axes
 18312 | IceCv    | Noticed a frost giant
 18382 | IceCv    | Killed a frost giant
 18382 | IceCv    | Reached skill level 10 in Fighting
 18382 | IceCv    | Reached skill level 15 in Axes
 18382 | IceCv    | Reached skill level 5 in Dodging
 19406 | Lair:2   | Noticed Fannar
 19424 | Lair:2   | Killed Fannar
 19690 | Lair:2   | Found a staircase to the Swamp.
 21300 | Lair:1   | Reached XP level 13. HP: 114/114 MP: 12/12
 21323 | Lair:1   | Paralysed by fainting for 6 turns
 21537 | Lair:3   | Noticed Nergalle
 21689 | Lair:3   | Noticed Rupert
 21708 | Lair:2   | Killed Nergalle
 22198 | Lair:3   | Killed Rupert
 22198 | Lair:3   | Reached skill level 16 in Axes
 22739 | Lair:3   | Found a staircase to the Snake Pit.
 24360 | Lair:5   | Reached skill level 1 in Charms
 24518 | Lair:5   | Reached skill level 1 in Hexes
 24652 | Lair:5   | Reached skill level 1 in Air Magic
 24985 | Lair:5   | Reached skill level 1 in Spellcasting
 25500 | Lair:6   | Entered Level 6 of the Lair of Beasts
 25722 | Lair:6   | Found a staircase to the Slime Pits.
 26236 | Lair:6   | Reached XP level 14. HP: 124/124 MP: 16/16
 27906 | Lair:5   | You fall through a shaft!
 28832 | D:11     | Found a white marble altar of Elyvilon.
 28836 | D:11     | Identified the Compendium of Lightness
 30244 | D:12     | Paralysed by a floating eye for 4 turns
 30349 | D:12     | Found Raydin's Book Shoppe.
 31135 | D:12     | Found a runed door.
 31137 | D:12     | Noticed a war gargoyle
 31138 | D:12     | Noticed a fire giant
 31303 | D:12     | Identified Wici's Handbook of Burning Hexes
 31597 | D:12     | Identified the Grimoire of the Neverending Yaks
 33849 | D:14     | Reached XP level 15. HP: 120/132 MP: 18/18
 34461 | D:14     | Found a blossoming altar of Fedhas.
 34588 | D:14     | Noticed Azrael
 35323 | D:14     | Killed Azrael
 36145 | D:14     | Found a gate to the Vaults.
 36157 | D:14     | Reached skill level 15 in Shields
 36327 | D:14     | Got a warped ring mail
 36339 | D:14     | Identified the +3 ring mail of the Pure Lovers {Str+3 Int+2 Dex-3} (You took it off a meliai on level 14 of the Dungeon)
 37063 | D:15     | Entered Level 15 of the Dungeon
 37164 | D:15     | Found Ussocyurr's Gadget Shop.
 37519 | D:15     | Found a staircase to the Depths.
 38118 | D:15     | Learned a level 2 spell: Slow
 38121 | D:15     | Learned a level 2 spell: Blink
 38223 | D:15     | Noticed Urug
 38234 | D:15     | Killed Urug
 38335 | D:15     | Reached skill level 17 in Axes
 39423 | D:15     | Got a bloodstained dagger
 39424 | D:15     | Identified the +0 dagger of Destiny {holy, rN+++} (You found it on level 15 of the Dungeon)
 39470 | D:15     | Reached skill level 1 in Translocations
 40556 | Orc:1    | Entered Level 1 of the Orcish Mines
 40878 | Orc:1    | Noticed Harold
 40894 | Orc:1    | Killed Harold
 41162 | Orc:2    | Entered Level 2 of the Orcish Mines
 41397 | Orc:2    | Noticed an orc warlord
 41470 | Orc:2    | Killed an orc warlord
 41821 | Orc:2    | Found a staircase to the Elven Halls.
 42311 | Orc:2    | Found Cemneun's Magic Scroll Shop.
 42328 | Orc:2    | Found Jiudig's Gadget Boutique.
 42403 | Orc:2    | Found an ancient bone altar of Kikubaaqudgha.
 42500 | Orc:2    | Found Rishrola's Antique Armour Boutique.
 42555 | Orc:2    | Found a radiant altar of Vehumet.
 42620 | Orc:2    | Reached XP level 16. HP: 130/141 MP: 21/21
 42663 | Orc:2    | Found a roughly hewn altar of Beogh.
 42663 | Orc:2    | Found Ciymp's Antique Armour Shop.
 43690 | Orc:2    | Bought a scroll of teleportation for 33 gold pieces
 44372 | Swamp:1  | Entered Level 1 of the Swamp
 44461 | Swamp:1  | Reached skill level 5 in Translocations
 47078 | Swamp:2  | Learned a level 1 spell: Corona
 48625 | Swamp:3  | Noticed Mara
 48636 | Swamp:3  | Noticed equalderp2856's illusion
 49789 | Swamp:3  | Noticed equalderp2856's illusion
 50070 | Swamp:3  | Noticed equalderp2856's illusion
 50208 | Swamp:3  | Noticed equalderp2856's illusion
 50329 | Swamp:3  | Noticed equalderp2856's illusion
 50449 | Swamp:3  | Noticed equalderp2856's illusion
 50577 | Swamp:3  | Noticed equalderp2856's illusion
 50788 | Swamp:3  | Noticed equalderp2856's illusion
 51231 | Swamp:2  | Noticed equalderp2856's illusion
 51740 | Swamp:3  | Noticed equalderp2856's illusion
 51749 | Swamp:3  | Killed Mara
 51918 | Swamp:4  | Entered Level 4 of the Swamp
 51922 | Swamp:4  | Reached skill level 10 in Translocations
 52344 | Swamp:4  | Reached XP level 17. HP: 148/148 MP: 22/22
 52354 | Swamp:4  | Paralysed by a hornet for 1 turns
 52914 | Swamp:4  | HP: 6/148 [tyrant leech (13)]
 52926 | Swamp:4  | Noticed Donald
 54257 | Swamp:4  | Killed Donald
 55348 | Swamp:4  | Noticed a tentacled monstrosity
 55400 | Swamp:3  | Killed a tentacled monstrosity
 57088 | Swamp:4  | Got a decaying rune of Zot
 58043 | Snake:1  | Entered Level 1 of the Snake Pit
 58126 | Snake:1  | Found a stormy altar of Qazlal.
 58323 | Snake:1  | Gained mutation: You are clumsy. (Dex -2) [a shining eye]
 58342 | Snake:1  | Reached skill level 5 in Spellcasting
 58659 | Snake:1  | Noticed Aizul
 58676 | Snake:1  | Killed Aizul
 59728 | Snake:2  | Noticed Asterion
 59741 | Snake:2  | Noticed Vashnia
 59779 | Snake:2  | Killed Vashnia
 59779 | Snake:2  | Reached skill level 1 in Evocations
 60263 | Snake:2  | Found Ragewk's Assorted Antiques.
 60320 | Snake:1  | Slain by Asterion

Skill      XL: |  1  2  3  4  5  6  7  8  9 10 11 12 13 14 15 16 17 |
---------------+----------------------------------------------------+-----
Armour         | 4 5 7 8 10 11 12 13 | 13.9
Fighting       | 4 5 6 7 8 9 10 11 12 | 12.7
Shields        | 4 5 7 8 10 12 13 14 15 | 15.9
Axes           | 3 4 5 6 8 10 12 13 15 16 17 | 17.1
Dodging        | 1 2 3 4 5 |  5.5
Stealth        | 1 2 3 |  3.7
Polearms       | 2 3 |  3.9
Charms         | 1 3 4 |  4.1
Hexes          | 1 3 4 |  4.2
Air Magic      | 1 3 4 |  4.0
Spellcasting   | 2 3 4 5 |  5.2
Translocations | 4 10 12 | 12.3
Evocations     | 1 |  1.2
Short Blades   | |  0.2
Crossbows      | |  0.2
Unarmed Combat | |  0.2

Action                   |  1- 3 |  4- 6 |  7- 9 | 10-12 | 13-15 | 16-18 || total
-------------------------+-------+-------+-------+-------+-------+-------++-------
Melee: War axe           |    89 |   130 |   307 |   792 |  1221 |   994 ||  3533
       Headbutt          |    12 |    25 |    84 |   243 |   417 |   341 ||  1122
       Trident           |       |       |       |    36 |    75 |    57 ||   168
       Rapier            |       |       |       |       |     2 |       ||     2
       Dagger            |       |       |       |       |     3 |       ||     3
       Unarmed           |       |       |       |       |     2 |    39 ||    41
 Cast: Blink             |       |       |       |       |     2 |    29 ||    31
       Confusing Touch   |       |       |       |       |     1 |    18 ||    19
       Corona            |       |       |       |       |       |     1 ||     1
       Swiftness         |       |       |       |       |       |     1 ||     1
 Abil: Evoke Flight      |       |       |       |       |       |     7 ||     7
Evoke: Wand              |       |       |       |     4 |     6 |     8 ||    18
  Use: Scroll            |       |       |     3 |    15 |    10 |    15 ||    43
       Potion            |       |       |       |     7 |     5 |    16 ||    28
 Stab: Petrified         |       |       |       |       |    23 |       ||    23
       Petrifying        |       |       |       |       |     2 |       ||     2
       Confused          |       |       |       |       |     1 |     4 ||     5
       Paralysed         |       |       |       |       |     4 |       ||     4
       Held in net/web   |       |       |       |       |     1 |       ||     1
       Distracted        |       |       |       |       |       |     2 ||     2
  Eat: Chunk             |     1 |     4 |    18 |    30 |    59 |    23 ||   135
       Bread ration      |       |     1 |       |       |       |       ||     1
       Royal jelly       |       |       |       |     2 |     3 |     9 ||    14
       Fruit             |       |       |       |     4 |     5 |     7 ||    16
       Meat ration       |       |       |       |       |       |     3 ||     3
Armor: Scale mail        |    50 |    43 |    56 |       |       |       ||   149
       Skin              |       |    20 |       |       |       |     1 ||    21
       Chain mail        |       |       |    23 |   352 |    93 |   206 ||   674
       Crystal plate arm |       |       |       |       |   469 |    81 ||   550
       Plate armour      |       |       |       |       |       |   212 ||   212
Dodge: Dodged            |    39 |    49 |    57 |   337 |   179 |   385 ||  1046
Block: Shield            |    44 |    81 |    64 |       |   201 |  1068 ||  1458
       Large shield      |       |       |   167 |   373 |  1045 |       ||  1585
       Reflection        |       |       |     7 |     9 |    72 |    64 ||   152
       Other             |       |       |       |    68 |       |       ||    68
